 Dungeon Crawl Stone Soup version 0.17.2-1-ge4368a0 (webtiles) character file.

72 Goblin1989 the Insei (level 4, 36/36 HPs)
             Began as a Demonspawn Monk on Aug 19, 2016.
             Quit the game on level 2 of the Dungeon.
             The game lasted 00:03:46 (1587 turns).

Goblin1989 the Insei (Demonspawn Monk)              Turns: 1587, Time: 00:03:46

Health: 36/36      AC: 10    Str: 13    XL:     4   Next: 6%
Magic:  4/4        EV: 11    Int: 11    God:
Gold:   131        SH:  0    Dex: 15    Spells: 0 memorised, 3 levels left

rFire  . . .     SeeInvis .       - Unarmed
rCold  . . .     Clarity  .     n - +0 ring mail
rNeg   . . .     SustAt   .     (no shield)
rPois  .         Gourm    .     (helmet restricted)
rElec  .         Spirit   .     (no cloak)
rCorr  .         Warding  .     o - +1 pair of gloves
rMut   .         Stasis   .     a - +1 pair of boots
MR     .....                    (no amulet)
Stlth  +.........               (no ring)
                                (no ring)

@: not resistant to hostile enchantments, very unstealthy
A: antennae 1, rugged brown scales 1
a: no special abilities


You were on level 2 of the Dungeon.
You were not hungry.

You visited 1 branch of the dungeon, and saw 2 of its levels.

You collected 131 gold pieces.

Inventory:

Armour
 a - a +1 pair of boots (worn)
 k - a +0 pair of gloves
 n - a +0 ring mail (worn)
 o - a +1 pair of gloves (worn)
Scrolls
 c - a scroll of teleportation {unknown}
 d - a scroll of magic mapping {unknown}
 e - 2 scrolls of remove curse {unknown}
 f - 3 scrolls of identify {unknown}
 j - a scroll of amnesia {unknown}
 l - a scroll of fog {unknown}
 m - a scroll of enchant armour {unknown}
 p - a scroll of random uselessness {unknown}
 s - a scroll of blinking {unknown}
Potions
 h - a potion of heal wounds {unknown}
 i - 2 potions of curing {unknown}
 q - a potion of flight {unknown}
 r - 2 potions of beneficial mutation {unknown}
Comestibles
 b - a bread ration
 g - a meat ration


   Skills:
 - Level 3.0 Fighting
 - Level 2.6 Dodging
 - Level 1.7 Stealth
 + Level 5.1 Unarmed Combat


You had 3 spell levels left.
You didn't know any spells.

Dungeon Overview and Level Annotations

Branches:
Dungeon (2/15)

Altars:


Innate Abilities, Weirdness & Mutations

You have a pair of small antennae on your head.
You are partially covered in rugged brown scales (AC +1, +3% HP).


Message History

You kill the quokka!
You feel sick. The adder bites you. The adder bites you.
You take 4 damage, and have 17/29 hp.
You barely miss the adder. The adder closely misses you.
You punch the adder!
You kill the adder!
You have reached level 4!
You feel stronger.
Your demonic ancestry asserts itself...
A pair of antennae grows on your head!
You feel sick.
You regained 3 hp, and now have 20/36 hp.
MP restored: 4 You start resting.
You feel sick. x4
You are no longer poisoned.
You take 2 damage, and have 18/36 hp.
You start resting.
HP restored.
Health restored: 36 Are you sure you want to abandon this character and quit the game? (Confirm with "yes".)

#.... . ..... .. ..... #### ...
..... # ##..##.. ..... .. . .....
..... ........###..#####.# .....
.......^..†@......). .....
......######.....## .....
................###.# ##...
........###..#### .....
.......##..##).#############.....
.......#........#................
.............................###.
..<..........................###.
.......#........#..........#..>#.


There were no monsters in sight!

Vanquished Creatures
  4 adders (D:2)
  A worm (D:2)
  A giant gecko (D:1)
  5 bats (D:1)
  3 giant cockroaches
  4 goblins
  4 hobgoblins
  3 jackals (D:1)
  3 kobolds
  2 quokkas (D:2)
  A ball python (D:1)
  A giant newt (D:2)
  3 rats (D:1)
35 creatures vanquished.

Notes
Turn   | Place    | Note
--------------------------------------------------------------
     0 | D:1      | Goblin1989 the Demonspawn Monk began the quest for the Orb.
     0 | D:1      | Reached XP level 1. HP: 18/18 MP: 1/1
   220 | D:1      | Reached skill level 4 in Unarmed Combat
   436 | D:1      | Gained mutation: You are partially covered in rugged brown scales (AC +1, +3% HP). [demonic ancestry]
   436 | D:1      | Reached XP level 2. HP: 18/24 MP: 2/2
  1170 | D:2      | Reached XP level 3. HP: 26/29 MP: 3/3
  1371 | D:2      | Reached skill level 5 in Unarmed Combat
  1422 | D:2      | Gained mutation: You have a pair of small antennae on your head. [demonic ancestry]
  1422 | D:2      | Reached XP level 4. HP: 21/36 MP: 4/4
  1587 | D:2      | Quit the game

Action                   |  1- 3 |  4- 6 || total
-------------------------+-------+-------++-------
Melee: Unarmed           |   132 |       ||   132
 Stab: Sleeping          |     3 |       ||     3
  Eat: Chunk             |     2 |       ||     2
